 Dungeon Crawl Stone Soup version 0.32-a0-953-g508020473e (webtiles) character file.

Game seed: 3151417225585105190

103771 zorb987 the Severer (level 15, -10/141 HPs)
             Began as a Minotaur Fighter on Apr 16, 2024.
             Was a Follower of Uskayaw.
             Drowned by a drowned soul (15 damage)
             ... summoned by a merfolk avatar
             ... on level 2 of the Shoals on Apr 17, 2024.
             The game lasted 02:38:30 (25039 turns).

zorb987 the Severer (Minotaur Fighter)             Turns: 25039, Time: 02:38:30

Health: -10/141    AC: 23    Str: 29    XL:     15   Next: 90%
Magic:  14/14      EV: 16    Int:  8    God:    Uskayaw [*.....]
Gold:   420        SH: 13    Dex: 19    Spells: 14/14 levels left

rFire   . . .        c - +4 scimitar of the Gnashing Genius {drain, Fly Str+3}
rCold   . . .        M - +0 kite shield
rNeg    . . .        z - +1 plate armour {Will+}
rPois   .            G - +0 hat {Will+}
rElec   .            X - +0 cloak "Ocuajink" {^Contam Str+4 Int+3 SInv}
rCorr   .            P - +2 pair of gloves {Dex+3}
SInv    +            o - +1 pair of boots
Will    ++++.        n - amulet of regeneration Stlth
                     t - ring of willpower
HPRegen 1.23/turn    N - +5 ring of evasion
MPRegen 0.14/turn

%: no passive effects
@: flying, hasted, very quick
A: horns 2, retaliatory headbutt
a: Renounce Religion, Stomp


You were on level 2 of the Shoals.
You worshipped Uskayaw.
Uskayaw was noncommittal.
You visited 4 branches of the dungeon, and saw 23 of its levels.

You collected 2023 gold pieces.
You spent 1603 gold pieces at shops.

Inventory:

Hand Weapons
 a - a +4 war axe of venom
 c - the +4 scimitar of the Gnashing Genius (weapon) {drain, Fly Str+3}
   (You found it on level 12 of the Dungeon)

   Str+3:     It affects your strength (+3).
   Fly:       It grants you flight.
 e - a +1 scimitar of flaming
 k - the +7 mace of Ziugadi {distort, Int+2}
   (You found it on level 5 of the Lair of Beasts)

   Int+2:     It affects your intelligence (+2).
 p - the +8 flail of Prudence {freeze, rPois Str+5}
   (You found it on level 5 of the Lair of Beasts)

   Str+5:     It affects your strength (+5).
   rPois:     It protects you from poison.
 y - the +1 mace of Okawaru {venom, rElec rPois rN++}
   (You found it on level 4 of the Lair of Beasts)

   rElec:     It insulates you from electricity.
   rPois:     It protects you from poison.
   rN++:      It greatly protects you from negative energy.
 D - a +3 morningstar
 J - a +2 war axe of distortion
 Q - the +4 war axe of Putrescence {spect, rPois Int+3 SInv}
   (You found it on level 1 of the Shoals)

   Int+3:     It affects your intelligence (+3).
   rPois:     It protects you from poison.
   SInv:      It lets you see invisible.
Missiles
 h - 39 poisoned darts (quivered)
 A - 3 curare-tipped darts
 B - 9 boomerangs
 T - 2 throwing nets
Armour
 l - the +3 leather armour of Eternal Vigilance {rF+ rCorr}
   (You found it on level 2 of the Dungeon)

   rF+:       It protects you from fire.
   rCorr:     It protects you from acid and corrosion.
 o - a +1 pair of boots (worn)
 r - a +2 troll leather armour {Snorg}
 v - the +3 leather armour of Fattuerphich {Rampage rC+ Int+2}
   (You found it on level 3 of the Lair of Beasts)

   Int+2:     It affects your intelligence (+2).
   rC+:       It protects you from cold.
   Rampage:   It bestows one free step when moving towards enemies.
 z - a +1 plate armour of willpower (worn)
 G - a +0 hat of willpower (worn)
 H - a +2 scale mail of fire resistance
 L - a +3 scale mail
 M - a +0 kite shield (worn)
 P - a +2 pair of gloves of dexterity (worn)
 X - the +0 cloak "Ocuajink" (worn) {^Contam Str+4 Int+3 SInv}
   (You found it on level 10 of the Dungeon)

   Str+4:     It affects your strength (+4).
   Int+3:     It affects your intelligence (+3).
   SInv:      It lets you see invisible.
   ^Contam:   It causes magical contamination when unequipped.
 Y - +0 acid dragon scales
Jewellery
 n - an amulet of regeneration (around neck)
 t - a ring of willpower (left hand)
 N - a +5 ring of evasion (right hand)
Wands
 b - a wand of quicksilver (10)
 d - a wand of iceblast (20)
 m - a wand of paralysis (27)
 x - a wand of mindburst (3)
 Z - a wand of digging (5)
Scrolls
 s - 3 scrolls of revelation
 O - a scroll of silence
 R - 5 scrolls of identify
 S - 2 scrolls of fear
 U - a scroll of poison
 V - a scroll of blinking
Potions
 f - a potion of curing
 g - 2 potions of resistance
 i - a potion of berserk rage
 j - 3 potions of lignification
 q - 3 potions of haste
 u - 4 potions of brilliance
 w - 2 potions of cancellation
 C - a potion of mutation
 E - 3 potions of might
 F - a potion of attraction
 I - 3 potions of enlightenment
 K - a potion of invisibility {unknown}
 W - 10 potions of ambrosia


   Skills:
 + Level 15.0 Fighting
 * Level 11.5 Long Blades
 * Level 18.9 Axes
 + Level 1.1(12.4) Maces & Flails
 + Level 1.9 Throwing
 + Level 11.0 Armour
 + Level 9.4 Dodging
 + Level 9.5 Stealth
 + Level 12.3 Shields
 + Level 1.2 Evocations


You had 14 spell levels left.
You didn't know any spells.
Your spell library contained the following spells:

 Spells                   Type           Power      Damage    Failure   Level
 Freeze                   Ice            0%         1d3       99%         1
 Blink                    Tloc           0%         N/A       100%        2
 Jinxbite                 Hex            0%         N/A       100%        2
 Lesser Beckoning         Tloc           0%         N/A       100%        2
 Momentum Strike          Conj/Tloc      0%         3d8       100%        2
 Scorch                   Fire           0%         2d5       100%        2
 Call Canine Familiar     Summ           0%         N/A       100%        3
 Frozen Ramparts          Ice            0%         1d1       100%        3
 Hailstorm                Conj/Ice       0%         3d5       100%        3
 Maxwell's Portable Pile  Tloc           0%         2d(5-13)  100%        3
 Sigil of Binding         Hex            0%         N/A       100%        3
 Summon Ice Beast         Ice/Summ       0%         N/A       100%        3
 Teleport Other           Tloc           0%         N/A       100%        3
 Tukima's Dance           Hex            0%         N/A       100%        3
 Anguish                  Hex/Necr       0%         N/A       100%        4
 Dimensional Bullseye     Hex/Tloc       0%         N/A       100%        4
 Flame Wave               Conj/Fire      0%         2d4       100%        4
 Iskenderun's Mystic Bla Conj/Tloc 0%             2d3        (+2d1     100%        4
 Summon Lightning Spire   Summ/Air       0%         N/A       100%        4
 Vhi's Electric Charge    Tloc/Air       0%         N/A       100%        4
 Arcjolt                  Conj/Air       0%         1d10      100%        5
 Yara's Violent Unravell  Hex/Alch       0%         3d3       100%        5
 Death Channel            Necr           0%         N/A       100%        6
 Permafrost Eruption      Ice/Erth       0%         2x4d1     100%        6
 Plasma Beam              Fire/Air       0%         2x1d10    100%        6
 Sculpt Simulacrum        Ice/Alch       0%         N/A       100%        6
 Summon Cactus Giant      Summ           0%         N/A       100%        6
 Enfeeble                 Hex            0%         N/A       100%        7
 Ozocubu's Refrigeration  Ice            0%         4d7       100%        7
 Rimeblight               Ice/Necr       0%         2d3       (prima100%   7
 Maxwell's Capacitive Co  Air            0%         ∞         100%        8
 Chain Lightning          Conj/Air       0%         N/A       100%        9
 Polar Vortex             Ice            0%         N/A       100%        9


Dungeon Overview and Level Annotations

Branches:
Dungeon (14/15)            Temple (0/1) D:7            Lair (5/5) D:8
 Shoals (2/4) Lair:3        Snake (0/4) Lair:2          Orc (2/2) D:12
    Elf (0/3) Orc:2
  Slime: Lair:4-5    Vaults: D:13-14

Altars:
Fedhas
Ru
Uskayaw
Beogh
Jiyva

Shops:
D:5 [   D:8 (   Orc:2 [*!((:   Shoals:1 *

Annotations:
D:5 2 transporters, Tanttac's ghost, novice MfSu
D:8 exclusion: oklob plant
Lair:5 exclusion: 4 oklob plants


Innate Abilities, Weirdness & Mutations

You have a pair of horns on your head.
You reflexively headbutt those who attack you in melee.


Message History

The merfolk avatar chants a haunting song.
You resist with almost no effort.
The merfolk avatar chants a haunting song.
You resist with almost no effort.
The merfolk avatar chants a haunting song.
You resist with almost no effort.
Found a trident.
The merfolk avatar chants a haunting song.
You resist with almost no effort.
The drowned soul returns to the deep!
You can no longer pass through a line of other dancers.
You start resting.
A merfolk avatar is nearby!
The merfolk avatar chants a haunting song.
You resist with almost no effort.
You feel better.
Shadowy forms rise from the deep at the merfolk avatar's song!
The merfolk avatar seems less drained.
You feel yourself speed up. The drowned soul touches you.
The drowned soul drowns you!
* * * LOW HITPOINT WARNING * * *
The merfolk avatar chants a haunting song.
You easily resist.
You block the drowned soul's attack.
The drowned soul returns to the deep!
The drowned soul touches you. The drowned soul drowns you!
* * * LOW HITPOINT WARNING * * *
The merfolk avatar chants a haunting song.
You resist with almost no effort.
You hit the merfolk avatar.
The merfolk avatar is severely wounded.
You slash the merfolk avatar! You drain the merfolk avatar.
The merfolk avatar is almost dead.
The drowned soul touches you. The drowned soul drowns you!
* * * LOW HITPOINT WARNING * * *
The drowned soul touches you. The drowned soul drowns you!
* * * LOW HITPOINT WARNING * * *
The drowned soul touches you. The drowned soul drowns you!
You die...
Your body falls in perfect tune with the rhythm.

~~~......~≈~..##..#
~~~..~..~~≈..)...##
~~~...~†.~~.......# .
~~~..†.).)...~....### ..
~~~~....†......~....#...
~~~†..###.....~~........
~~~.††# #....~........~~
~~~.~..###......~~~~~~~~
~......# ##...~~@m~~~~~≈
......## ##..~.~~≈≈≈≈≈≈
......#####.....~~≈≈≈≈≈≈
~~~~..........~~~≈≈≈≈≈≈≈
~≈≈~.........~~~~~.~~≈≈≈
≈~~~~.......~~~~~....~≈≈
~...~~..............~~≈
~...~~~~......~....~~≈≈
....~~..).......###...


You could see a merfolk avatar (drained).

Vanquished Creatures
  Gastronok (D:8)
  A merfolk impaler (Shoals:1)
  Snorg (Lair:4)
  Fannar (Lair:1)
  4 ogre magi (Orc:1)
  The ghost of Byodudul the Eclecticist, a journeyman DjCj of Ashenzari (Orc:1)
  3 catoblepae (Lair:5)
  2 hydras
  A merfolk avatar (Shoals:1)
  2 merfolk aquamancers
  A centaur warrior (D:13)
  17 two-headed ogres
  Erica (Lair:1)
  A death knight (D:13)
  2 boulder beetles
  8 death yaks
  Sonja (Lair:4)
  11 skysharks
  2 fire crabs
  3 sea snakes
  Pikel (D:6)
  An obsidian bat (Orc:1)
  An orc sorcerer (Orc:2)
  2 cyclopes
  5 harpies (Shoals:2)
  2 orc knights
  2 necromancers (Orc:1)
  3 ugly things (D:13)
  8 fauns
  3 meliai (Lair:4)
  4 manticores
  6 kobold blastminers (Orc:2)
  A water nymph (Shoals:1)
  15 elephants
  5 merfolk sirens
  2 black mambas
  A torpor snail (Lair:3)
  2 rime drakes
  Maggie (D:7)
  16 cane toads
  An unseen horror (D:12)
  5 komodo dragons
  9 merfolk
  5 trolls
  Prince Ribbit (D:7)
  A queen bee (Lair:4)
  A polar bear (Lair:2)
  11 blink frogs
  4 snapping turtles (Shoals:2)
  6 dream sheep
  3 shadows
  Sigmund (D:2)
  An ettin skeleton (Orc:1)
  60 yaks
  6 water elementals
  2 wraiths
  6 wyverns
  3 vampires
  3 hogs (D:13)
  A golden eye (shapeshifter) (D:13)
  2 wargs
  Eustachio (D:5)
  2 steam dragons
  2 basilisks
  12 vampire mosquitoes
  2 nagas (Lair:2)
  18 water moccasins
  Duvessa (D:4)
  An acid dragon (D:10)
  16 orc warriors
  5 ice beasts
  2 black bears (D:6)
  37 ogres
  6 centaurs
  4 wolves
  A phantom (D:4)
  5 kobold brigands
  9 bullfrogs
  3 gnoll sergeants
  4 scorpions
  A cyclops skeleton (Orc:1)
  A warg skeleton (Orc:1)
  Dowan (D:4)
  27 killer bees
  4 howler monkeys
  2 bombardier beetles
  2 jellies (D:6)
  5 gnoll boudas
  16 orc priests
  14 hounds
  A sleepcap (D:6)
  Ijyb (D:4)
  Jessica (D:3)
  Terence (D:2)
  4 iguanas
  34 orc wizards
  5 hell rats
  An ogre zombie (Orc:1)
  22 gnolls
  8 adders
  3 orc skeletons (Orc:1)
  A shadow imp (D:7)
  A white imp (D:7)
  4 ufetubi (D:6)
  2 dart slugs
  A ribbon worm (D:3)
  80 orcs
  6 ball pythons
  9 endoplasms
  3 giant cockroaches
  8 goblins
  7 hobgoblins
  10 jackals
  A quokka (D:1)
  6 bats
  5 frilled lizards
  12 kobolds
  3 rats
721 creatures vanquished.

Vanquished Creatures (others)
  Kirke (D:13)
  Maurice (D:7)
  An orc warrior (Orc:2)
  3 orc wizards
  5 tentacles (Shoals:2)
11 creatures vanquished.

Grand Total: 732 creatures vanquished

Notes
Turn   | Place    | Note
-------+----------+-------------------------------------------
     0 | D:1      | zorb987 the Minotaur Fighter began the quest for the Orb.
     0 | D:1      | Reached XP level 1. HP: 19/19 MP: 0/0
    43 | D:1      | Reached XP level 2. HP: 27/27 MP: 1/1
   284 | D:1      | Reached skill level 3 in Axes
   284 | D:1      | Reached XP level 3. HP: 33/33 MP: 2/2
   768 | D:2      | Identified the +3 leather armour of Eternal Vigilance {rF+
                  | rCorr}
   831 | D:2      | Noticed Sigmund
   842 | D:2      | Killed Sigmund
   843 | D:2      | Reached skill level 5 in Axes
   843 | D:2      | Reached XP level 4. HP: 41/41 MP: 3/3
   843 | D:2      | Reached XP level 5. HP: 47/47 MP: 4/4
   861 | D:3      | Noticed Jessica
   865 | D:3      | Killed Jessica
   866 | D:3      | Reached skill level 5 in Fighting
   866 | D:3      | Reached skill level 1 in Dodging
   921 | D:2      | Noticed Terence
   929 | D:2      | Killed Terence
   930 | D:2      | Reached XP level 6. HP: 41/56 MP: 5/5
  1075 | D:2      | You fall into a shaft and drop 1 floor!
  1126 | D:2      | Identified the +5 dagger of Elowk {heavy, rPois rF+ Int+3}
  1650 | D:3      | Got the Atlas of Stormy Corpses
  2484 | D:4      | Found a hide-covered altar of Uskayaw.
  2510 | D:4      | Noticed Ijyb
  2521 | D:4      | Killed Ijyb
  2522 | D:4      | Reached skill level 6 in Axes
  2541 | D:4      | Noticed Duvessa
  2542 | D:4      | Noticed Dowan
  2555 | D:4      | Killed Dowan
  2556 | D:4      | Killed Duvessa
  2786 | D:5      | Entered Level 5 of the Dungeon
  2803 | D:4      | Reached XP level 7. HP: 61/61 MP: 6/6
  2929 | D:4      | Reached skill level 7 in Axes
  3173 | D:4      | Reached skill level 1 in Stealth
  3340 | D:5      | Found a transporter.
  3378 | D:5      | Noticed Eustachio
  3408 | D:5      | Killed Eustachio
  3409 | D:5      | Reached skill level 5 in Armour
  3758 | D:5      | Reached XP level 8. HP: 35/70 MP: 7/7
  3925 | D:5      | Found a sacrificial altar of Ru.
  3942 | D:5      | Reached skill level 8 in Axes
  4227 | D:5      | Found Vaep's Antique Armour Shoppe.
  4321 | D:5      | Reached skill level 5 in Shields
  4444 | D:5      | Found a transporter.
  4528 | D:5      | Identified the +5 spear of the Vestibule of Hell {venom,
                  | Stlth+}
  4535 | D:5      | Noticed Tanttac's ghost (novice MfSu)
  4864 | D:6      | Reached skill level 9 in Axes
  5150 | D:6      | Reached skill level 10 in Axes
  5202 | D:6      | Reached XP level 9. HP: 75/79 MP: 8/8
  5349 | D:6      | Reached skill level 11 in Axes
  5406 | D:6      | Noticed a troll
  5416 | D:6      | Killed a troll
  5601 | D:6      | Reached skill level 12 in Axes
  5970 | D:6      | Reached XP level 10. HP: 67/90 MP: 9/9
  6442 | D:6      | Reached skill level 5 in Dodging
  6607 | D:6      | Reached skill level 13 in Axes
  6635 | D:5      | Bought an embroidered hat for 203 gold pieces
  6640 | D:5      | Bought a shiny scale mail for 203 gold pieces
  6693 | D:4      | Became a worshipper of Uskayaw the Reveller
  6923 | D:6      | Reached * piety under Uskayaw
  7194 | D:7      | Noticed Maurice
  7210 | D:7      | Something stole a +2 falchion of flaming
  7213 | D:7      | Something stole 68 gold
  7217 | D:7      | Killed Maurice
  7224 | D:7      | Noticed Pikel
  7396 | D:6      | Reached ** piety under Uskayaw
  7398 | D:6      | Killed Pikel
  7399 | D:6      | Reached skill level 1 in Throwing
  7463 | D:7      | Found a staircase to the Ecumenical Temple.
  7486 | D:7      | Reached *** piety under Uskayaw
  7897 | D:7      | Noticed Maggie
  7907 | D:7      | Reached **** piety under Uskayaw
  7908 | D:7      | Killed Maggie
  8008 | D:7      | Noticed Prince Ribbit
  8025 | D:7      | Killed Prince Ribbit
  8337 | D:8      | Noticed a boulder beetle
  8356 | D:8      | Killed a boulder beetle
  8357 | D:8      | Reached skill level 14 in Axes
  8424 | D:8      | Noticed a two-headed ogre
  8428 | D:8      | Reached ***** piety under Uskayaw
  8434 | D:8      | Reached ****** piety under Uskayaw
  8437 | D:8      | Killed a two-headed ogre
  8438 | D:8      | Reached XP level 11. HP: 60/99 MP: 6/10
  8452 | D:8      | Found a staircase to the Lair.
  8474 | D:8      | Found Baqaax Mone's Weapon Shoppe.
  8483 | D:8      | Reached skill level 10 in Fighting
  8779 | D:8      | Found a blossoming altar of Fedhas.
  8795 | D:8      | Noticed an oklob plant
  9054 | D:8      | Noticed Gastronok
  9065 | D:8      | Killed Gastronok
  9574 | D:9      | Reached skill level 15 in Axes
  9669 | D:10     | Entered Level 10 of the Dungeon
  9984 | D:9      | Noticed a boulder beetle
 10011 | D:9      | Killed a boulder beetle
 10450 | D:11     | Noticed a two-headed ogre
 10472 | D:10     | Killed a two-headed ogre
 10627 | D:10     | Identified the +0 cloak "Ocuajink" {^Contam Str+4 Int+3
                  | SInv}
 10883 | D:10     | Reached skill level 16 in Axes
 11503 | D:11     | Reached XP level 12. HP: 107/110 MP: 9/11
 11760 | D:11     | Reached skill level 5 in Stealth
 12255 | D:12     | Found a staircase to the Orcish Mines.
 12257 | D:12     | Identified the +4 scimitar of the Gnashing Genius {drain,
                  | Fly Str+3}
 12504 | D:12     | Reached skill level 1 in Long Blades
 13387 | Lair:1   | Entered Level 1 of the Lair of Beasts
 13489 | Lair:1   | Noticed Erica
 13497 | Lair:1   | Killed Erica
 13607 | Lair:1   | Identified the +2 scale mail "Geoc" {Harm Str-4 Slay+2
                  | Stlth+}
 13677 | Lair:1   | Noticed Fannar
 13700 | Lair:1   | Killed Fannar
 14683 | Lair:2   | Found a staircase to the Snake Pit.
 15163 | Lair:3   | Identified the +3 leather armour of Fattuerphich {Rampage
                  | rC+ Int+2}
 15170 | Lair:3   | Reached XP level 13. HP: 83/119 MP: 12/12
 15227 | Lair:3   | Reached skill level 5 in Long Blades
 15848 | Lair:3   | Found a staircase to the Shoals.
 16250 | Lair:5   | Entered Level 5 of the Lair of Beasts
 16252 | Lair:5   | Found a viscous altar of Jiyva.
 16354 | Lair:4   | Reached skill level 17 in Axes
 16505 | Lair:4   | Noticed Sonja
 16526 | Lair:4   | Killed Sonja
 16689 | Lair:4   | Found a runed translucent door.
 16987 | Lair:4   | Identified the +1 mace of Okawaru {venom, rElec rPois rN++}
 16996 | Lair:4   | Noticed Snorg
 17376 | Lair:5   | Reached skill level 10 in Shields
 17468 | Lair:5   | Reached XP level 14. HP: 116/129 MP: 13/13
 17706 | Lair:4   | Reached skill level 1 in Maces & Flails
 17944 | Lair:5   | Identified the +8 flail of Prudence {freeze, rPois Str+5}
 18984 | Lair:5   | Identified the +7 mace of Ziugadi {distort, Int+2}
 19294 | Lair:4   | Killed Snorg
 20185 | D:5      | Bought a glowing plate armour for 754 gold pieces
 20531 | D:13     | Noticed Kirke
 20542 | D:13     | Noticed a sphinx
 20574 | D:13     | Killed Kirke
 21334 | Orc:1    | Entered Level 1 of the Orcish Mines
 21338 | Orc:1    | Found a roughly hewn altar of Beogh.
 21779 | Orc:1    | Noticed Byodudul's ghost (journeyman DjCj)
 21850 | Orc:1    | Found a runed translucent door.
 21894 | Orc:2    | Entered Level 2 of the Orcish Mines
 21894 | Orc:2    | Found Duokar's Book Shop.
 21894 | Orc:2    | Found Taeryocu's Antique Weapon Emporium.
 21894 | Orc:2    | Found a staircase to the Elven Halls.
 21951 | Orc:1    | Killed Byodudul's ghost
 21989 | Orc:1    | Reached skill level 18 in Axes
 22055 | Orc:1    | Reached XP level 15. HP: 122/139 MP: 14/14
 22075 | Orc:1    | Reached skill level 10 in Long Blades
 22180 | Orc:1    | Reached skill level 10 in Armour
 22250 | Orc:2    | Found Jishra's Distillery.
 22250 | Orc:2    | Found Onoarghoh's General Store.
 22320 | Orc:2    | Found Zira's Weapon Boutique.
 22739 | Orc:2    | Reached skill level 1 in Evocations
 23009 | Orc:2    | Found Jousta's Antique Armour Shop.
 23015 | Orc:2    | Bought a pair of glowing gloves for 202 gold pieces
 23044 | Orc:2    | Bought a wand of iceblast (3) for 115 gold pieces
 23055 | Orc:2    | Bought a potion of might for 56 gold pieces
 23055 | Orc:2    | Bought a potion of heal wounds for 70 gold pieces
 23304 | Shoals:1 | Entered Level 1 of the Shoals
 23325 | Shoals:1 | Found Afymeew's Assorted Antiques.
 23433 | Shoals:1 | Identified the +0 chain mail of Xeggiruh {Harm Int+2}
 23664 | Shoals:1 | Identified the +4 war axe of Putrescence {spect, rPois
                  | Int+3 SInv}
 24550 | Shoals:2 | Noticed a kraken
 24879 | Shoals:2 | Reached skill level 15 in Fighting
 25037 | Shoals:2 | HP: 4/141 [drowned by a drowned soul[a merfolk avatar]
                  | (16)]
 25039 | Shoals:2 | Drowned by a drowned soul

Illustrated notes

Levels and vault maps discovered:
D:1:      scummos_arrival_simple_crosswalls, layout_basic
D:2:      layout_basic, grunt_decor_resistance, minivault_11, uniq_terence,
          uniq_sigmund
D:3:      layout_basic, palyth_stone_intersect, uniq_jessica
D:4:      layout_cave_pools, nicolae_uskayaw_dance_hall, uniq_duvessa, uniq_ijyb
D:5:      layout_basic, kennysheep_little_box, gammafunk_ghost_gnarly_gnolls,
          serial_shops, nicolae_shop_hallway_plus, uniq_eustachio
D:6:      lemuel_castle_with_subvaults [lemuel_castle_interior_carwin_3],
          layout_loops_ring, grunt_potential
D:7:      layout_basic, minmay_temple_entry_junction, uniq_maggie, uniq_maurice,
          uniq_prince_ribbit1, uniq_pikel
D:8:      layout_cave_pools, tgw_fedhas, hellmonk_lair_entry_icy, serial_shops,
          shop, uniq_gastronok
D:9:      layout_basic, minmay_misc_feat_roman
D:10:     layout_loops_ring, grunt_ministairs_4
D:11:     layout_small_grid
D:12:     layout_basic, orc_0_dummy, serial_corexii_hall,
          corexii_hall_statues_s, chequers_hall_statues_corner_a
D:13:     layout_grid_maze, uniq_kirke
D:14:     layout_roguey, lightli_vaults_fourway_checkpoint, serial_corexii_hall,
          corexii_hall_statues_i, corexii_hall_statues_t
Lair:1:   layout_hall_layers, uniq_erica, uniq_fannar
Lair:2:   layout_big_grid, guppyfry_snake_entry_island, serial_bayou_shore_a,
          grunt_megastairs_5
Lair:3:   layout_hall_layers, mainiacjoe_shoals_entry_four_pools,
          serial_bayou_shore_b
Lair:4:   gammafunk_mikee_crab_dinner, layout_cave_pods, special_room
          [special_room_bee], beast_lair_carwin_4, grunt_megastairs_2,
          lemuel_fruit_tree, uniq_sonja, uniq_snorg
Lair:5:   evilmike_catoblepas_cave, layout_gridlike,
          minmay_slime_entry_oklob_open, infiniplex_staircase_pool
Shoals:1: layout_shoals, serial_shops, nicolae_shop_hallway_plus
Shoals:2: layout_shoals
Orc:1:    dreamdust_under_siege, layout_diamond_mine,
          hellmonk_ghost_happy_afterlife
Orc:2:    st_orc_ogre_mass, layout_caves, serial_shops, shop_statue,
          nicolae_shop_back_alley_shop

Skill      XL: |  1  2  3  4  5  6  7  8  9 10 11 12 13 14 15 |
---------------+----------------------------------------------+-----
Armour         | 4 5 6 7 8 9 11 | 11.0
Fighting       | 4 5 6 7 8 9 11 12 13 14 15 | 15.0
Shields        | 4 5 6 7 8 10 11 12 | 12.3
Axes           | 3 5 6 7 10 12 14 16 17 18 | 18.9
Dodging        | 1 2 3 4 5 6 7 8 9 |  9.4
Stealth        | 1 3 4 6 7 8 9 |  9.5
Throwing       | 1 |  1.9
Long Blades    | 4 8 9 11 | 11.5
Maces & Flails | 1 |  1.1
Evocations     | 1 |  1.2

Action                     |  1- 3 |  4- 6 |  7- 9 | 10-12 | 13-15 || total
---------------------------+-------+-------+-------+-------+-------++-------
  Melee: War axe           |    72 |   104 |   291 |   518 |   848 ||  1833
         Headbutt          |     3 |    19 |    52 |   140 |   267 ||   481
         Mace              |       |       |       |       |    10 ||    10
         Scimitar          |       |       |       |       |   127 ||   127
  Throw: Dart              |       |       |     5 |     7 |     3 ||    15
         Throwing net      |       |       |       |     1 |       ||     1
  Evoke: Wand              |       |       |       |       |    15 ||    15
    Use: Scroll            |     1 |     6 |     4 |    14 |     6 ||    31
         Potion            |       |     2 |       |     2 |    13 ||    17
   Stab: Paralysed         |       |       |       |    29 |    85 ||   114
         Distracted        |       |       |       |     1 |       ||     1
         Sleeping          |       |       |       |     6 |     4 ||    10
 Armour: Scale mail        |    51 |       |       |    30 |       ||    81
         Leather armour    |     5 |    73 |   182 |    33 |       ||   293
         Swamp dragon scal |       |       |       |   106 |       ||   106
         Acid dragon scale |       |       |       |    65 |   220 ||   285
         Plate armour      |       |       |       |       |   381 ||   381
         Troll leather arm |       |       |       |       |    13 ||    13
  Dodge: Dodged            |    23 |    47 |   122 |   256 |   593 ||  1041
  Block: Buckler           |    14 |    28 |    57 |    75 |       ||   174
         Kite shield       |       |       |       |    88 |   666 ||   754

Table legend: (Time is in decaauts)
 A = Elapsed time spent in this place.
 B = Non-inter-level travel time spent in this place.
 C = Inter-level travel time spent in this place.
 D = Time resting spent in this place.
 E = Time spent auto-exploring this place.
 F = Levels seen in this place.
 G = Mean time per level.
                   A        B        C        D        E       F      G
               +--------+--------+--------+--------+--------+-----+--------+
         Total |  24941 |  23225 |   1716 |   4421 |   9432 |  23 | 1084.4 |
       Dungeon |  14998 |  13826 |   1172 |   2889 |   6571 |  14 | 1071.3 |
          Lair |   6483 |   6069 |    414 |   1032 |   2491 |   5 | 1296.6 |
        Shoals |   1691 |   1635 |     56 |    218 |    158 |   2 |  845.5 |
  Orcish Mines |   1768 |   1696 |     72 |    282 |    212 |   2 |  884.0 |
               +--------+--------+--------+--------+--------+-----+--------+

Top non-repeatable levels by time:
     D:6: 2500 daAuts
  Lair:5: 1779 daAuts
  Lair:4: 1559 daAuts
     D:5: 1513 daAuts
  Lair:1: 1296 daAuts
    D:10: 1258 daAuts
    D:12: 1215 daAuts
Shoals:1: 1197 daAuts
  Lair:3: 1169 daAuts
     D:7: 1126 daAuts
   Orc:1: 1108 daAuts
     D:8: 1039 daAuts
    D:13: 1022 daAuts
     D:9: 963 daAuts
    D:11: 938 daAuts
